 Dungeon Crawl Stone Soup version 0.23.2-1-ga50397a (webtiles) character file.

Game seed: 1892325925788801063

984 myga the Sneak (level 8, -1/56 HPs)
             Began as a Formicid Earth Elementalist on May 18, 2019.
             Was an Initiate of Sif Muna.
             Slain by an orc priest
             ... wielding a +0 flail
              (4 damage)
             ... on level 5 of the Dungeon.
             The game lasted 00:30:59 (5157 turns).

myga the Sneak (Formicid Earth Elementalist)        Turns: 5157, Time: 00:30:59

Health: -1/56      AC:  2    Str: 14    XL:     8   Next: 41%
Magic:  3/15       EV: 13    Int: 14    God:    Sif Muna [......]
Gold:   251        SH:  0    Dex: 13    Spells: 4/16 levels left

rFire    . . .     SeeInvis +   c - +0 quarterstaff
rCold    + . .     Gourm    .   (no shield)
rNeg     . . .     Faith    .   e - +0 robe (curse)
rPois    .         Spirit   .   (helmet unavailable)
rElec    .         Reflect  .   (no cloak)
rCorr    .         Harm     .   (no gloves)
MR       .....                  (no boots)
Stlth    +++.......             (no amulet)
HPRegen  0.18/turn              g - +2 ring of slaying
MPRegen  0.14/turn              m - ring of protection from cold

@: lethally poisoned (-1 -> -3)
A: permanent stasis, dig shafts and tunnels, four strong arms, antennae 3
a: Dig, Shaft Self, Renounce Religion


You were on level 5 of the Dungeon.
You worshipped Sif Muna.
Sif Muna was noncommittal.
You were hungry.

You visited 2 branches of the dungeon, and saw 6 of its levels.

You collected 251 gold pieces.

Inventory:

Hand Weapons
 c - a +0 quarterstaff (weapon)
 j - a +2 spear of venom
Missiles
 b - 254 stones (quivered)
 q - 2 tomahawks
Armour
 e - a cursed +0 robe (worn)
Jewellery
 g - a +2 ring of slaying (left hand)
 m - a ring of protection from cold (right hand)
 p - an uncursed ring of resist corrosion
Wands
 n - a wand of iceblast (19)
Scrolls
 a - 3 scrolls of immolation
 k - a scroll of enchant armour
 l - 2 scrolls of magic mapping
 o - 3 scrolls of identify
 t - a scroll of fear
Potions
 f - 4 potions of curing
 h - 2 potions of lignification
 r - a potion of heal wounds
 s - a potion of flight
Comestibles
 d - 6 rations
 i - 2 chunks of flesh


   Skills:
 + Level 1.8 Fighting
   Level 0.3 Short Blades
 + Level 1.4(2.4) Polearms
 + Level 2.9(3.1) Staves
 + Level 2.4 Dodging
 + Level 6.1 Stealth
 + Level 4.8 Spellcasting
 + Level 0.2 Conjurations
 + Level 1.5 Summonings
 + Level 0.6 Necromancy
 + Level 2.2 Transmutations
 + Level 5.7 Earth Magic


You had 4 spell levels left.
You knew the following spells:

 Your Spells              Type           Power        Failure   Level  Hunger
a - Sandblast             Erth           ###...       1%          1    None
b - Stone Arrow           Conj/Erth      ##....       16%         3    ###....
c - Petrify               Tmut/Erth      ##......     34%         4    ####...
d - Call Imp              Summ           #.......     14%         2    ##.....
e - Animate Skeleton      Necr           N/A          14%         1    None
f - Summon Small Mammal   Summ           #...         10%         1    None

Your spell library contained the following spells:

 Spells                   Type           Power        Failure   Level  Hunger
 Passwall                 Tmut/Erth      ##......     5%          2    ##.....
 Magic Dart               Conj           #...         16%         1    None
 Apportation              Tloc           #.....       19%         1    None
 Confusing Touch          Hex            #.....       19%         1    None
 Slow                     Hex            #.......     26%         2    ##.....
 Conjure Flame            Conj/Fire      #.......     45%         3    ###....
 Mephitic Cloud           Conj/Pois/Air  #.......     45%         3    ###....
 Lee's Rapid Deconstruct  Erth           ###.......   43%         5    ######.
 Blink                    Tloc           Unusable     N/A         2    N/A

Dungeon Overview and Level Annotations

Branches:
Dungeon (5/15)             Temple (1/1) D:5

Altars:
Ashenzari
Fedhas
Gozag
Hepliaklqana
Makhleb
Okawaru
Qazlal
Ru
Sif Muna
Trog
Uskayaw
Vehumet
Wu Jian
Xom
Yredelemnul
Zin
The Shining One


Innate Abilities, Weirdness & Mutations

You cannot be hasted, slowed, berserked, paralysed or teleported.
You can dig through walls and to a lower floor.
Your four strong arms can wield two-handed weapons with a shield.
You have a pair of large antennae on your head. (SInv)


Message History

The worker ant bites you.
You barely miss the worker ant. The worker ant closely misses you.
Okay, then.
The worker ant closely misses you. The orc priest closely misses you.
The orc priest calls down the wrath of Beogh upon you.
Beogh smites you!
* * * LOW HITPOINT WARNING * * *
The worker ant bites you.
* * * LOW HITPOINT WARNING * * *
You are poisoned.
The worker ant poisons you!
Things that are here:
a +0 flail; 11 gold pieces; 16 stones
Okay, then.
Are you sure you want to shaft yourself?
You are feeling hungry.
* * * LOW HITPOINT WARNING * * *
You feel sick. The orc priest misses you.
The orc priest hits you with a +0 flail.
You die...

# ##### ### # #...
..#
###.###########.###
....รท.>...... ....
.....######.###.##
!##..# ##......###
.##..#####.........#
................o..##
.##..####....###@a..#
.....< #....#_#.o..#
.###... #....#'#.(..#
.{ ....a.#####.######
.# #o..## #.# .....
#.# ## #.#


You could see a worker ant and 2 orc priests.

Vanquished Creatures
  Grinder (D:5)
  An ogre (D:4)
  A centaur (D:4)
  A scorpion (D:3)
  A crimson imp (D:5)
  2 orc priests (D:5)
  An iguana (D:5)
  An orc wizard (D:5)
  A worker ant (D:5)
  A hound skeleton (D:5)
  5 adders
  An ooze (D:3)
  An adder zombie (D:5)
  2 worms
  An adder skeleton (D:5)
  2 dart slugs
  6 leopard geckos
  9 orcs
  A ball python (D:2)
  6 giant cockroaches
  9 goblins
  14 hobgoblins
  12 jackals
  11 kobolds
  10 bats
  6 frilled lizards
  12 rats
119 creatures vanquished.

Vanquished Creatures (collateral kills)
  A phantom (D:5)
  2 ogres
  An ooze (D:5)
  A leopard gecko (D:5)
5 creatures vanquished.

Vanquished Creatures (others)
  2 plants (D:5)
2 creatures vanquished.

Grand Total: 126 creatures vanquished

Notes
Turn   | Place    | Note
-------+----------+-------------------------------------------
     0 | D:1      | myga the Formicid Earth Elementalist began the quest for
                  | the Orb.
     0 | D:1      | Reached XP level 1. HP: 13/13 MP: 3/3
    91 | D:1      | Reached XP level 2. HP: 19/19 MP: 0/5
   384 | D:1      | Reached XP level 3. HP: 23/24 MP: 0/7
   997 | D:1      | Learned a level 3 spell: Stone Arrow
  1086 | D:2      | Reached XP level 4. HP: 25/30 MP: 8/8
  1263 | D:2      | Reached skill level 3 in Stealth
  1670 | D:2      | Learned a level 4 spell: Petrify
  1939 | D:2      | Found a sacrificial altar of Ru.
  2070 | D:2      | Reached XP level 5. HP: 35/36 MP: 9/9
  2140 | D:3      | Reached skill level 1 in Fighting
  2140 | D:3      | Reached skill level 5 in Earth Magic
  2145 | D:3      | Reached skill level 1 in Polearms
  2418 | D:3      | Learned a level 2 spell: Call Imp
  2526 | D:3      | Noticed Grinder
  2938 | D:3      | Found a shimmering altar of Xom.
  2940 | D:3      | Found a shimmering altar of Xom.
  2940 | D:3      | Found a shimmering altar of Xom.
  2956 | D:3      | Found a shimmering altar of Xom.
  2959 | D:3      | Found a shimmering altar of Xom.
  2961 | D:3      | Found a shimmering altar of Xom.
  3090 | D:3      | Found a blossoming altar of Fedhas.
  3097 | D:3      | Noticed a +0 hand axe
  3097 | D:3      | Noticed a +0 hand axe
  3146 | D:3      | Found a hide-covered altar of Uskayaw.
  3493 | D:4      | Noticed an ogre
  3507 | D:4      | Killed an ogre
  3507 | D:4      | Reached skill level 4 in Stealth
  3507 | D:4      | Reached XP level 6. HP: 43/43 MP: 6/11
  3541 | D:4      | Reached skill level 1 in Staves
  3571 | D:4      | Found a stormy altar of Qazlal.
  3683 | D:4      | Found a glowing golden altar of the Shining One.
  3874 | D:4      | Learned a level 1 spell: Animate Skeleton
  3876 | D:4      | Learned a level 1 spell: Summon Small Mammal
  3921 | D:4      | Noticed an ogre
  3936 | D:4      | Killed an ogre
  3936 | D:4      | Reached skill level 5 in Stealth
  3936 | D:4      | Reached XP level 7. HP: 7/48 MP: 6/12
  4473 | D:5      | Entered Level 5 of the Dungeon
  4497 | D:5      | Found a staircase to the Ecumenical Temple.
  4588 | D:5      | Reached skill level 1 in Summonings
  4822 | D:5      | Reached XP level 8. HP: 55/55 MP: 2/14
  4859 | Temple   | Entered the Ecumenical Temple
  4940 | Temple   | Became a worshipper of Sif Muna the Loreminder
  5055 | D:5      | Killed Grinder
  5055 | D:5      | Reached skill level 6 in Stealth
  5070 | D:5      | Found a shattered altar of Ashenzari.
  5157 | D:5      | Slain by an orc priest

Skill      XL: |  1  2  3  4  5  6  7  8 |
---------------+-------------------------+-----
Earth Magic    | 4 5 |  5.7
Spellcasting   | 3 4 |  4.8
Stealth        | 3 4 5 6 |  6.1
Dodging        | 2 |  2.4
Fighting       | 1 |  1.8
Polearms       | 1 |  1.4
Staves         | 1 2 |  2.9
Summonings     | 1 |  1.5
Transmutations | 2 |  2.2
Short Blades   | |  0.3
Conjurations   | |  0.2
Necromancy     | |  0.6

Action                   |  1- 3 |  4- 6 |  7- 9 || total
-------------------------+-------+-------+-------++-------
Melee: Unarmed           |     1 |       |       ||     1
       Dagger            |    34 |       |       ||    34
       Spear             |    22 |    74 |       ||    96
       Quarterstaff      |       |    42 |    70 ||   112
Throw: Stone             |     1 |     3 |       ||     4
 Cast: Sandblast         |    31 |    16 |    20 ||    67
       Stone Arrow       |       |    10 |     4 ||    14
       Call Imp          |       |     4 |     6 ||    10
       Petrify           |       |     2 |     3 ||     5
       Summon Small Mamm |       |       |     7 ||     7
       Animate Skeleton  |       |       |     7 ||     7
 Abil: Shaft Self        |       |       |     1 ||     1
  Use: Scroll            |       |     6 |     5 ||    11
       Potion            |       |     2 |       ||     2
 Stab: Sleeping          |     5 |     4 |     4 ||    13
       Petrified         |       |    14 |    13 ||    27
       Distracted        |       |     1 |       ||     1
  Eat: Chunk             |     1 |     7 |     2 ||    10
       Ration            |       |     1 |     1 ||     2
Armor: Robe              |    14 |    12 |     6 ||    32
Dodge: Dodged            |    51 |    64 |    34 ||   149
